 Dungeon Crawl Stone Soup version 0.20-a0-433-g9e36e56 (webtiles) character file.

2494 Amnesiac the Jinx (level 9, -9/57 HPs)
             Began as a Mummy Enchanter on Jan 3, 2017.
             Was an Initiate of Gozag.
             Mangled by a two-headed ogre
             ... wielding a +0 giant club
              (21 damage)
             ... on level 8 of the Dungeon.
             The game lasted 00:20:42 (9077 turns).

Amnesiac the Jinx (Mummy Enchanter)                 Turns: 9077, Time: 00:20:43

Health: -9/57      AC:  7    Str: 11    XL:     9   Next: 28%
Magic:  27/31      EV: 10    Int: 15    God:    Gozag
Gold:   968        SH:  0    Dex: 15    Spells: 16/26 levels left

rFire  x . .     SeeInvis .     q - +1 mace (drain)
rCold  + . .     Gourm    .     d - +0 ring mail
rNeg   + + +     Faith    .     (no shield)
rPois  ∞         Spirit   .     (no helmet)
rElec  .         Reflect  .     (no cloak)
rCorr  .         Harm     +     r - +0 pair of gloves
MR     +....                    s - +0 pair of boots
Stlth  +.........               p - amulet of harm
                                o - ring of magical power
                                i - +3 ring of slaying

@: gold aura
A: no food or potions, fire vulnerability, cold resistance 1, negative energy
resistance 3, torment resistance, unbreathing
a: Potion Petition, Call Merchant, Bribe Branch, Renounce Religion


You were on level 8 of the Dungeon.
You worshipped Gozag.
Gozag was pleased with you.
You were not hungry.

You visited 2 branches of the dungeon, and saw 9 of its levels.

You collected 1162 gold pieces.
You spent 105 gold pieces at shops.
You paid 89 gold pieces to Gozag.

Inventory:

Hand Weapons
 a - a +1 dagger
 q - a +1 mace of draining (weapon)
Missiles
 t - a throwing net (quivered)
Armour
 d - a +0 ring mail (worn)
 r - a +0 pair of gloves (worn)
 s - a +0 pair of boots (worn)
 u - a +0 shield
Jewellery
 e - an uncursed ring of fire
 i - a +3 ring of slaying (left hand)
 o - a ring of magical power (right hand)
 p - an amulet of harm (around neck)
 v - an uncursed amulet of regeneration {unknown}
Scrolls
 f - a scroll of magic mapping {unknown}
 g - 3 scrolls of blinking {unknown}
 h - 2 scrolls of teleportation {unknown}
 j - 2 scrolls of identify
 k - a scroll of enchant weapon {unknown}
 m - 2 scrolls of enchant armour {unknown}
 n - 2 scrolls of amnesia {unknown}
Books
 b - a book of Necromancy

   Spells                             Type                      Level
   a - Pain                           Necromancy                   1
   b - Animate Skeleton               Necromancy                   1
   c - Vampiric Draining              Necromancy                   3
   d - Regeneration                   Charms/Necromancy            3
   e - Animate Dead                   Necromancy                   4
   f - Control Undead                 Necromancy                   4
 c - a book of Maledictions

   Spells                             Type                      Level
   a - Corona                         Hexes                        1
   b - Ensorcelled Hibernation        Hexes/Ice                    2
   c - Confuse                        Hexes                        3
   d - Tukima's Dance                 Hexes                        3
   e - Dazzling Spray                 Conjuration/Hexes            3
 l - a book of Clouds

   Spells                             Type                      Level
   a - Mephitic Cloud                 Conjuration/Poison/Air       3
   b - Conjure Flame                  Conjuration/Fire             3
   c - Poisonous Cloud                Conjuration/Poison/Air       5
   d - Freezing Cloud                 Conjuration/Ice/Air          6
   e - Ring of Flames                 Charms/Fire                  7


   Skills:
 - Level 0.7 Short Blades
 - Level 1.5 Dodging
 - Level 2.4 Stealth
 + Level 9.1 Spellcasting
 * Level 9.8 Hexes


You had 16 spell levels left.
You knew the following spells:

 Your Spells              Type           Power        Failure   Level  Hunger
e - Confuse               Hex            #####...     1%          3    N/A
f - Dazzling Spray        Conj/Hex       ###...       12%         3    N/A
w - Tukima's Dance        Hex            #####...     1%          3    N/A
z - Corona                Hex            #####..      1%          1    N/A

Dungeon Overview and Level Annotations

Branches:
Dungeon (8/15)             Temple (1/1) D:5
   Lair: D:8-11

Altars:
Elyvilon
Gozag
Kikubaaqudgha
Makhleb
Nemelex Xobeh
Okawaru
Ru
Sif Muna
Uskayaw
Vehumet
Yredelemnul
Zin

Shops:
D:5 *


Innate Abilities, Weirdness & Mutations

You do not eat or drink.
Your flesh is vulnerable to fire.
You are immune to poison.
Your flesh is cold resistant. (rC+)
You are immune to negative energy. (rN+++)
You are immune to unholy pain and torment.
You can survive without breathing.


Message History

The killer bee closely misses you.
The killer bee closely misses the two-headed ogre.
The killer bee barely misses you.
The killer bee stings the two-headed ogre.
The killer bee stings the two-headed ogre!
The killer bee stings you.
* * * LOW HITPOINT WARNING * * *
The killer bee stings the two-headed ogre.
The two-headed ogre is poisoned.
The killer bee poisons the two-headed ogre!
The killer bee barely misses the two-headed ogre.
The killer bee stings the two-headed ogre.
The two-headed ogre looks as sick as possible!
The killer bee poisons the two-headed ogre!
The killer bee stings you but does no damage.
You sock the killer bee!
You kill the killer bee!
The two-headed ogre hits you with a giant club!!
You die...
Your body crumbles into a pile of gold.

### #.# ..# #.# ..#
#.#####
..########.....#########
........................
..#########..#.#.#######
#.# #..#.#..(..... #.#
#..#.#.######? #.# ##
#..#.#@# #.# .. ...#.#O#
#.#.########.#.#y#
......... #.#.#.#
......... .#.#y#
......... #.#..
.>....... ... #.#.#####
### #.#.#


You could see a two-headed ogre and 2 killer bees.

Vanquished Creatures
  Prince Ribbit (D:6)
  Grinder (D:6)
  Duvessa (D:6)
  An ice beast (D:7)
  3 slaves
  An orc warrior (D:6)
  A centaur (D:6)
  A crocodile (D:6)
  A bullfrog (D:7)
  2 scorpions
  4 killer bees
  5 wights (D:6)
  A howler monkey (D:6)
  A crimson imp (D:7)
  A jelly (D:5)
  2 hounds
  A centaur skeleton (D:4)
  4 iguanas
  3 orc wizards
  3 worker ants
  A hound skeleton (D:5)
  A worker ant zombie (D:6)
  10 adders
  A howler monkey skeleton (D:4)
  2 adder skeletons (D:4)
  3 worms
  4 dart slugs
  10 leopard geckos
  22 orcs
  16 bats
  4 giant cockroaches
  12 goblins
  6 hobgoblins
  9 kobolds
  4 quokkas
  6 frilled lizards
  A quokka skeleton (D:5)
  5 rats
155 creatures vanquished.

Vanquished Creatures (collateral kills)
  Pikel (D:6)
  3 ogres
4 creatures vanquished.

Vanquished Creatures (others)
  A slave (D:6)
  Dowan (D:6)
  A killer bee (D:6)
  A howler monkey skeleton (D:6)
  A quokka (D:6)
5 creatures vanquished.

Grand Total: 164 creatures vanquished

Notes
Turn   | Place    | Note
-------+----------+-------------------------------------------
     0 | D:1      | Amnesiac the Mummy Enchanter began the quest for the Orb.
     0 | D:1      | Reached XP level 1. HP: 13/13 MP: 4/4
   253 | D:1      | Reached XP level 2. HP: 17/19 MP: 4/6
   898 | D:2      | Reached XP level 3. HP: 24/24 MP: 7/7
   903 | D:2      | Learned a level 3 spell: Confuse
   907 | D:2      | Learned a level 3 spell: Tukima's Dance
  1484 | D:4      | Reached XP level 4. HP: 16/30 MP: 7/9
  1878 | D:4      | Noticed an ogre
  1883 | D:4      | Killed an ogre
  1990 | D:3      | Reached XP level 5. HP: 35/35 MP: 9/11
  2267 | D:4      | Reached skill level 5 in Hexes
  2453 | D:4      | Noticed an ogre
  2761 | D:4      | Killed an ogre
  2761 | D:4      | Reached XP level 6. HP: 39/41 MP: 1/13
  2936 | D:5      | Entered Level 5 of the Dungeon
  3131 | D:5      | Found Tinn's General Store.
  3198 | D:5      | Noticed an ice beast
  3444 | D:5      | Reached skill level 5 in Spellcasting
  3613 | D:5      | Found a staircase to the Ecumenical Temple.
  3705 | Temple   | Entered the Ecumenical Temple
  3742 | Temple   | Became a worshipper of Gozag Ym Sagoz the Greedy
  4941 | D:3      | Found a faded altar of an unknown god.
  5738 | D:5      | Bought a +0 pair of boots for 63 gold pieces
  5738 | D:5      | Bought a throwing net for 42 gold pieces
  5776 | D:6      | Reached XP level 7. HP: 45/46 MP: 15/15
  5819 | D:6      | Noticed Dowan
  5820 | D:6      | Noticed Duvessa
  5823 | D:6      | Noticed Pikel
  5823 | D:6      | Noticed Grinder
  5946 | D:6      | Found a white marble altar of Elyvilon.
  5951 | D:6      | Noticed Prince Ribbit
  5991 | D:6      | Killed Prince Ribbit
  6292 | D:6      | Killed Pikel
  6292 | D:6      | Reached XP level 8. HP: 51/52 MP: 16/18
  6975 | D:6      | Killed Dowan
  7201 | D:6      | Learned a level 3 spell: Dazzling Spray
  7299 | D:6      | Killed Grinder
  7306 | D:6      | Killed Duvessa
  8030 | D:6      | Reached XP level 9. HP: 6/57 MP: 15/21
  9023 | D:8      | Noticed a two-headed ogre
  9077 | D:8      | Mangled by a two-headed ogre

Vault maps used:
D:1:      dpeg_arrival_rooms_with_view
D:2:      first_bread
D:3:      chequers_ecumenical_altar_simple
D:5:      serial_shops, kennysheep_mini
D:6:      elyvilon_altar_4, uniq_prince_ribbit1, uniq_duvessa, uniq_pikel,
          uniq_grinder
D:8:      nicolae_ossuary_entry_ruins
Temple:   regret_index_temple_chain_breaker

Skill      XL: |  1  2  3  4  5  6  7  8  9 |
---------------+----------------------------+-----
Spellcasting   | 3 4 5 7 8 9 |  9.1
Hexes          | 3 4 5 6 7 9 |  9.8
Short Blades   | |  0.7
Dodging        | |  1.5
Stealth        | |  2.4

Action                   |  1- 3 |  4- 6 |  7- 9 || total
-------------------------+-------+-------+-------++-------
Melee: Dagger            |   106 |       |       ||   106
       Flail             |    39 |   278 |    13 ||   330
       War axe           |       |       |   113 ||   113
       Mace              |       |       |    73 ||    73
 Cast: Corona            |    45 |    64 |    23 ||   132
       Confuse           |       |    17 |    43 ||    60
       Tukima's Dance    |       |     5 |     2 ||     7
       Dazzling Spray    |       |       |     7 ||     7
  Use: Scroll            |       |     2 |     2 ||     4
 Stab: Sleeping          |     2 |     5 |     1 ||     8
       Distracted        |       |     3 |       ||     3
       Confused          |       |     1 |    18 ||    19
Armor: Robe              |     5 |       |       ||     5
       Ring mail         |    55 |   128 |    81 ||   264
Dodge: Dodged            |   100 |   207 |   147 ||   454
